 Dungeon Crawl Stone Soup version 0.29-a0-870-g2c972031a6 (webtiles) character file.

Game seed: 4371722656627199297

2071 spaghetti the Trooper (level 9, -2/71 HPs)
             Began as a Mummy Fighter on July 18, 2022.
             Was a Priest of Lugonu.
             Slain by a scorpion (4 damage)
             ... on level 6 of the Dungeon.
             The game lasted 00:08:25 (6655 turns).

spaghetti the Trooper (Mummy Fighter)               Turns: 6655, Time: 00:08:25

Health: -2/71      AC: 10    Str: 23    XL:     9   Next: 5%
Magic:  8/12       EV:  7    Int:  7    God:    Lugonu [***...]
Gold:   273        SH:  5    Dex: 12    Spells: 8/8 levels left

rFire   . . .      SeeInvis .   k - +5 hand axe {axe}
rCold   . . .      Faith    .   c - +0 buckler
rNeg    + + +      Spirit   .   n - +0 chain mail
rPois   ∞          Reflect  .   (no helmet)
rElec   .          Harm     .   (no cloak)
rCorr   .          Rampage  .   (no gloves)
Will    +....                   (no boots)
Stlth   ..........              (no amulet)
HPRegen 0.21/turn               g - ring of fire
MPRegen 0.13/turn               y - +4 ring of slaying

@: about to teleport
A: cold resistance 1, negative energy resistance 3, torment resistance 2, heat
vulnerability 1, in touch with death 1, no potions
a: Renounce Religion, Depart the Abyss, Bend Space, Banish


You were on level 6 of the Dungeon.
You worshipped Lugonu.
Lugonu was most pleased with you.
You visited 2 branches of the dungeon, and saw 7 of its levels.

You collected 273 gold pieces.


Innate Abilities, Weirdness & Mutations

You are immune to poison.
Your flesh is cold resistant. (rC+)
You are immune to negative energy. (rN+++)
You are immune to unholy pain and torment.
You are vulnerable to heat. (rF-)
You are in touch with the powers of death.
You do not drink.


   Skills:
 + Level 6.6 Fighting
 - Level 2.1 Maces & Flails
 + Level 5.5 Armour
 + Level 5.5 Shields
 + Level 4.9 Invocations


You had 8 spell levels left.
You didn't know any spells.
Your spell library contained the following spells:

 Spells                   Type           Power      Damage    Failure   Level
 Ensorcelled Hibernation  Hex/Ice        0%         N/A       99%         2
 Passwall                 Tmut/Erth      0%         N/A       99%         2
 Dazzling Flash           Conj/Hex       0%         N/A       100%        3
 Portal Projectile        Hex/Tloc       0%         N/A       100%        3
 Swiftness                Air            0%         N/A       100%        3
 Tukima's Dance           Hex            0%         N/A       100%        3
 Anguish                  Hex/Necr       0%         N/A       100%        4
 Summon Lightning Spire   Summ/Air       0%         N/A       100%        4
 Agony                    Necr           0%         N/A       100%        5
 Silence                  Hex/Air        0%         N/A       100%        5
 Enfeeble                 Hex            0%         N/A       100%        7
 Maxwell's Capacitive Co  Air            0%         ∞         100%        8
 Blade Hands              Tmut           Unusable   N/A       N/A         5
 Storm Form               Tmut/Air       Unusable   N/A       N/A         7

Inventory:

Hand Weapons
 a - a +0 flail {mace}
 k - a +5 hand axe (weapon) {axe}
   (You took it off a goblin on level 2 of the Dungeon)
 t - a +1 dagger of venom {short}
   (You took it off a kobold on level 4 of the Dungeon)
 v - a +1 dagger of venom {short}
   (You took it off an orc wizard on level 4 of the Dungeon)
Missiles
 e - 41 stones (quivered) {throwing}
 m - 10 poisoned darts {throwing}
 r - 11 boomerangs {throwing}
 x - 5 datura-tipped darts {throwing}
Armour
 b - a +0 scale mail
 c - a +0 buckler (worn)
 n - a +0 chain mail (worn)
   (You found it on level 5 of the Dungeon)
Magical Staves
 h - a staff of fire {!astaff}
   (You found it on level 1 of the Dungeon)
 q - a staff of death {!astaff}
   (You took it off a hobgoblin on level 3 of the Dungeon)
Jewellery
 g - a ring of fire (left hand)
   (You found it on level 1 of the Dungeon)
 i - a ring of ice
   (You found it on level 1 of the Dungeon)
 y - a +4 ring of slaying (right hand)
   (You found it on level 5 of the Dungeon)
Wands
 w - a wand of mindburst (9)
   (You found it on level 5 of the Dungeon)
Scrolls
 d - a scroll of magic mapping {!r}
 j - 2 scrolls of vulnerability {!r!r}
 l - 2 scrolls of enchant weapon
 o - 2 scrolls of teleportation {@r4}
 p - 2 scrolls of immolation {!r!r}
 s - a scroll of noise {!r}
 u - 2 scrolls of fog

Dungeon Overview and Level Annotations

Branches:
Dungeon (6/15) Zot: 26401  Temple (1/1) D:6 Zot: 5704

Altars:
Ashenzari
Cheibriados
Hepliaklqana
Okawaru
Qazlal
Ru
Sif Muna
Jiyva
Lugonu

Annotations:
D:6 Maggie
Abyss:1 Blork the orc, Pikel

###.........≈≈≈≈§
####..............§...
##................#..
...........####...#.#
...##.....## #....# #
######...## #....###.#
#######.## ####§§§§.....
.........# ##..§§o§§..#.#
########..##...§@o§§....#
# ..##...§so§...### #
..##...§.§§..o.# #
...####....###@# # ##..
.....# .. # #..####.## #
## #.# .# #.# .#


You could see a scorpion, an orc wizard and 2 orcs.


Message History

Lugonu accepts your kill.
You can now corrupt the fabric of space.
You barely miss the killer bee. x2; The killer bee barely misses you.
The killer bee stings you.
* * * LOW HITPOINT WARNING * * *
You block the killer bee's attack. The killer bee closely misses you.
The killer bee stings you but does no damage.
The killer bee closely misses you. The orc hits you but does no damage.
You have reached level 9!
Your experience leads to an increase in your attributes!
Increase (S)trength, (I)ntelligence, or (D)exterity?
You feel stronger. x2 😨 HP[-1] MP[+1]
You now have 71 max hp (+6).
Your mp is fully restored (12).
Okay, then.
The killer bee stings you.
* * * LOW HITPOINT WARNING * * *
😱 HP[-4]
You take 4 damage, and now have 14/71 hp.
You closely miss the killer bee. The killer bee stings you.
* * * LOW HITPOINT WARNING * * *
You block the killer bee's attack. 😱 HP[-1]
You take 1 damage, and now have 13/71 hp.
Okay, then.
Okay, then.
You can't drink.
Unknown command.
As you read the scroll of teleportation {@r4}, it crumbles to dust.
You feel strangely unstable.
The killer bee stings you but does no damage. x3
The killer bee closely misses you.
Unknown command.
Unknown command.
Unknown command.
You miss the killer bee. You closely miss the killer bee.
The killer bee closely misses you. You block the killer bee's attack.
The killer bee stings you.
* * * LOW HITPOINT WARNING * * *
The killer bee stings you but does no damage. x3 😱 HP[-2]
You take 2 damage, and now have 11/71 hp.
Unknown command.
Unknown command.
You barely miss the killer bee. x2; The killer bee barely misses you.
The killer bee stings you.
* * * LOW HITPOINT WARNING * * *
You block the killer bee's attack.
The killer bee stings you but does no damage.
The killer bee barely misses you.
You block the killer bee's attack. 😱 HP[-2]
You take 2 damage, and now have 9/71 hp.
You miss the killer bee. You hit the killer bee.
Your surroundings suddenly seem different.
Blork the orc, an orc wizard and 3 orcs come into view.
Blork the orc is wielding a +0 scimitar and carrying a wand of polymorph (8).
Blork the orc shouts!
The orc wizard shouts!
The orc shouts! x2
A scorpion comes into view.
Blork the orc zaps a wand.
You resist with almost no effort.
Unknown command.
As you read the scroll of fog, it crumbles to dust.
The scroll dissolves into smoke.
Blork the orc points at you and mumbles some strange words.
The magic dart hits you!
* * * LOW HITPOINT WARNING * * *
😱 HP[-7]
You take 7 damage, and now have 2/71 hp.
Unknown command.
Unknown command.
Press: ? - help, Shift-Dir - straight line, f - Blork the orc
Aim: Blork the orc, wielding a +0 scimitar, wearing a +0 robe and carrying a wand of polymorph (7) (purple smoke, chance to affect: 82%)
You fail to use your ability.
Blork the orc screams, "I'm much stronger than you!"
Blork the orc zaps a wand.
You resist with almost no effort.
Maggie the Vainglorious comes into view.
She is wielding a +0 vorpal broad axe. 😱 HP[+1] Unknown command.
Unknown command.
Unknown command.
Unknown command.
Press: ? - help, Shift-Dir - straight line, f/p - Blork the orc
Aim: Blork the orc, wielding a +0 scimitar, wearing a +0 robe and carrying a wand of polymorph (6) (purple smoke, chance to affect: 82%) Blork the orc is devoured by a tear in reality.
Lugonu claims a new guest.
You can no longer corrupt the fabric of space.
Maggie shouts! 😱 MP[-4]
You lost 4 mp, and now have 8/12 mp.
Unknown command.
Unknown command.
Unknown command.
The orc attacks as you move away! The orc hits you but does no damage.
As you read the scroll of teleportation {@r4}, it crumbles to dust.
You feel strangely unstable. The orc hits you with a +0 hand axe.
* * * LOW HITPOINT WARNING * * *
The scorpion stings you.
You die...

Skill      XL: |  1  2  3  4  5  6  7 |
---------------+----------------------+-----
Maces & Flails | 2 |  2.1
Armour         | 3 5 |  5.5
Shields        | 3 5 |  5.5
Fighting       | 4 6 |  6.6
Invocations    | 1 2 4 |  4.9

Action                   |  1- 3 |  4- 6 |  7- 9 || total
-------------------------+-------+-------+-------++-------
Melee: Flail             |   113 |       |       ||   113
       Hand axe          |       |   111 |   182 ||   293
Throw: Dart              |       |     6 |       ||     6
Invok: Bend Space        |       |     1 |       ||     1
       Banish            |       |       |     3 ||     3
  Use: Scroll            |     4 |     3 |     7 ||    14
 Stab: Paralysed         |       |       |     1 ||     1
Armor: Scale mail        |    60 |    39 |    16 ||   115
       Chain mail        |       |       |    94 ||    94
Dodge: Dodged            |    40 |    41 |    96 ||   177
Block: Buckler           |    19 |    20 |    56 ||    95

Levels and vault maps discovered:
D:1:      dpeg_arrival_brainrot, layout_basic,
          chequers_ecumenical_altar_simple_redux, dk_noncrumbling_3
D:2:      wander_river, layout_loops_ring, grunt_ministairs_12,
          minmay_fractal_squares_gapless_5
D:3:      layout_loops_cross, dreamdust_divine_triumvirate,
          mainiacjoe_overflow_boulevard, grunt_ministairs_14, uniq_sigmund,
          uniq_grinder
D:4:      layout_basic
D:5:      layout_basic, nicolae_ru_great_annihilating_truth,
          mainiacjoe_overflow_24_doors, cheibriados_altar_1,
          chequers_serial_rivers_micro_b
D:6:      kennysheep_six_static_rooms, layout_loops_ring,
          mainiacjoe_overflow_brackets, minmay_temple_entry_tees,
          gammafunk_ghost_nasty_kobolds, nicolae_shop_dragon_depot,
          feat_on_display, uniq_blork_the_orc, uniq_maggie, uniq_pikel
Temple:   pf_slimified_temple

Notes
Turn   | Place    | Note
-------+----------+-------------------------------------------
     0 | D:1      | spaghetti the Mummy Fighter began the quest for the Orb.
     0 | D:1      | Reached XP level 1. HP: 18/18 MP: 1/1
     0 | D:1      | magus.rc [v1.9.6]
     3 | D:1      | You pick up a book of Burglary and begin reading...
     3 | D:1      | You add the spells Passwall, Ensorcelled Hibernation and
                  | Swiftness to your library.
    18 | D:1      | You pick up a book of Weapons and begin reading...
    18 | D:1      | You add the spells Tukima's Dance and Portal Projectile to
                  | your library.
   251 | D:1      | Reached XP level 2. HP: 24/24 MP: 2/2
   289 | D:1      | You pick up a book of the Sky and begin reading...
   289 | D:1      | You add the spells Summon Lightning Spire and Maxwell's
                  | Capacitive Coupling to your library.
   317 | D:1      | Reached skill level 2 in Maces & Flails
   546 | D:1      | Gained mutation: You are in touch with the powers of death.
                  | [Mummy growth]
   546 | D:1      | Reached XP level 3. HP: 29/29 MP: 3/3
  1045 | D:1      | Found a faded altar of an unknown god.
  1058 | D:1      | Prayed at the altar of an unknown god.
  1058 | D:1      | Became a worshipper of Lugonu the Unformed
  1058 | D:1      | Reached * piety under Lugonu
  1058 | D:1      | Reached ** piety under Lugonu
  1594 | D:2      | Reached XP level 4. HP: 19/35 MP: 4/4
  1783 | D:2      | Reached skill level 3 in Armour
  1912 | D:2      | Reached skill level 3 in Shields
  2182 | D:3      | You pick up a book of the Senses and begin reading...
  2182 | D:3      | You add the spells Dazzling Flash, Agony and Silence to
                  | your library.
  2190 | D:3      | Noticed Grinder
  2195 | D:3      | Paralysed by Grinder for 4 turns
  2212 | D:3      | Killed Grinder
  2213 | D:3      | Reached skill level 4 in Fighting
  2213 | D:3      | Reached skill level 1 in Invocations
  2213 | D:3      | Reached XP level 5. HP: 21/42 MP: 4/6
  2213 | D:3      | Reached XP level 6. HP: 24/48 MP: 4/7
  2360 | D:3      | Noticed Sigmund
  2371 | D:3      | Killed Sigmund
  2372 | D:3      | Reached skill level 2 in Invocations
  2567 | D:3      | Reached *** piety under Lugonu
  2650 | D:3      | Found a stormy altar of Qazlal.
  3488 | D:4      | Reached XP level 7. HP: 55/55 MP: 8/8
  3510 | D:4      | Reached skill level 4 in Armour
  3677 | D:4      | Reached skill level 4 in Shields
  4316 | D:5      | Entered Level 5 of the Dungeon
  4411 | D:5      | Reached skill level 5 in Fighting
  4463 | D:5      | You pick up a book of Maledictions and begin reading...
  4463 | D:5      | You add the spells Anguish and Enfeeble to your library.
  4492 | D:5      | Found a shimmering blue altar of Sif Muna.
  4514 | D:5      | Reached skill level 3 in Invocations
  5334 | D:5      | Found a sacrificial altar of Ru.
  5341 | D:5      | Reached **** piety under Lugonu
  5691 | D:5      | Found a snail-covered altar of Cheibriados.
  5832 | D:6      | Found a staircase to the Ecumenical Temple.
  5844 | D:6      | Noticed Pikel
  5852 | D:6      | HP: 8/56 [lemure[Pikel] (7)]
  5854 | D:6      | HP: 3/56 [Pikel/+1 whip of flaming (1)]
  5855 | D:6      | Banished Pikel
  5856 | D:6      | Reached skill level 6 in Fighting
  5856 | D:6      | Reached skill level 5 in Armour
  5856 | D:6      | Reached skill level 5 in Shields
  5856 | D:6      | Reached skill level 4 in Invocations
  5856 | D:6      | Reached XP level 8. HP: 4/64 MP: 5/11
  5860 | Temple   | Entered the Ecumenical Temple
  6644 | D:6      | HP: 16/65 [killer bee (3)]
  6645 | D:6      | Reached XP level 9. HP: 18/71 MP: 12/12
  6649 | D:6      | HP: 9/71 [killer bee (2)]
  6650 | D:6      | Noticed Blork the orc
  6651 | D:6      | HP: 2/71 [Blork the orc/magic dart (7)]
  6652 | D:6      | Noticed Maggie
  6653 | D:6      | Banished Blork the orc
  6655 | D:6      | Slain by a scorpion

Vanquished Creatures
  Grinder (D:3)
  Sigmund (D:3)
  2 ice beasts (D:6)
  An ogre (D:6)
  A lemure (D:6)
  2 necrophages
  A scorpion (D:5)
  A bullfrog (D:6)
  A killer bee (D:6)
  3 howler monkeys
  3 hounds
  An orc priest (D:5)
  4 iguanas
  4 orc wizards
  A gnoll (D:1)
  7 adders
  3 ufetubi (D:5)
  A worm (D:2)
  A dart slug (D:2)
  9 orcs
  3 ball pythons
  6 bats
  7 endoplasms
  4 giant cockroaches
  5 goblins
  15 hobgoblins
  6 jackals (D:1)
  6 quokkas
  9 frilled lizards
  8 kobolds
  9 rats
126 creatures vanquished.

Vanquished Creatures (others)
  3 fungi (D:3)
3 creatures vanquished.

Grand Total: 129 creatures vanquished

Table legend:
 A = Non-vault XP
 B = Vault XP
 C = Vault XP percentage of total XP
 D = Non-vault monster count
 E = Vault monster count
 F = Vault count percentage of total count
                 A         B        C        D         E       F
            +---------+---------+-------+---------+---------+-------
      Total |    1321 |    1638 |  55.4 |     106 |      21 |  16.5
            +---------+---------+-------+---------+---------+-------
        D:1 |      70 |       2 |   2.8 |      34 |       1 |   2.9
        D:2 |      42 |      12 |  22.2 |      10 |       6 |  37.5
        D:3 |      40 |     512 |  92.8 |      17 |       4 |  19.0
        D:4 |     225 |       0 |   0.0 |      20 |       0 |   0.0
        D:5 |     462 |      40 |   8.0 |      18 |       4 |  18.2
        D:6 |     482 |    1072 |  69.0 |       7 |       6 |  46.2
            +---------+---------+-------+---------+---------+-------

Illustrated notes

Table legend:
 A = Kills in this place as a percentage of kills in entire the game.
 B = Kills by you in this place as a percentage of kills by you in the entire game.
 C = Kills by friends in this place as a percentage of kills by friends in the entire game.
 D = Other kills in this place as a percentage of other kills in the entire game.
 E = Experience gained in this place as a percentage of experience gained in the entire game.
 F = Experience gained in this place divided by the number of levels of this place that you have seen.
                   A       B       C       D       E      F
               +-------+-------+-------+-------+-------+----------------------
         Total | 100.0 | 100.0 |   N/A | 100.0 | 100.0 | 422.7
       Dungeon | 100.0 | 100.0 |   N/A | 100.0 | 100.0 | 493.2
               +-------+-------+-------+-------+-------+----------------------

Table legend: (Time is in decaauts)
 A = Elapsed time spent in this place.
 B = Non-inter-level travel time spent in this place.
 C = Inter-level travel time spent in this place.
 D = Time resting spent in this place.
 E = Time spent auto-exploring this place.
 F = Levels seen in this place.
 G = Mean time per level.
                   A        B        C        D        E       F      G
               +--------+--------+--------+--------+--------+-----+--------+
         Total |   6802 |   6687 |    115 |    294 |   5441 |   7 |  971.7 |
       Dungeon |   6506 |   6391 |    115 |      0 |   5441 |   6 | 1084.3 |
        Temple |    295 |    295 |      0 |    294 |      0 |   1 |  295.0 |
               +--------+--------+--------+--------+--------+-----+--------+

Top non-repeatable levels by time:
     D:5: 1488 daAuts
     D:4: 1215 daAuts
     D:1: 1197 daAuts
     D:2: 1046 daAuts
     D:3: 962 daAuts
     D:6: 597 daAuts
  Temple: 295 daAuts
